Map: Defender's Landing LE

Players

Yata

  • Race: Zerg Zerg
  • Spawn Location: 7:00

MajorPayne - Winner!

  • Race: Protoss Protoss
  • League: Platinum
  • Spawn Location: 1:00

VOD

Have the link to the VOD?

Description

Time

  • Played on: July 7, 2017, 2:23 p.m.
  • Length: 16:35
Show
View Real Time Build Order
Export as new Build Order

Yata Zerg 

Build Orders: Hatch First 

Get SALT Encoding   

  12  0:01  Drone  
  13  0:18  Drone  
  14  0:33  Overlord  
  14  0:34  Overlord  
  14  0:51  Drone  
  14  0:52  Drone  
  14  0:56  Drone  
  17  1:09  Hatchery  
  16  1:11  Drone  
  16  1:17  Drone  
  18  1:22  Extractor  
  17  1:28  Spawning Pool  
  17  1:29  Drone  
  17  1:38  Drone  
  18  1:49  Drone  
  19  2:00  Drone  
  20  2:10  Drone  
  21  2:21  Drone  
  22  2:23  Drone  
  22  2:24  Queen  
  22  2:29  Metabolic Boost  
  25  2:45  Queen  
  25  2:47  Drone  
  25  2:48  Drone  
  25  2:50  Zergling x4  
  31  3:19  Roach Warren  
  30  3:20  Zergling x8  
  30  3:21  Zergling x2  
  30  3:27  Drone  
  36  3:31  Overlord  
  36  3:32  Overlord  
  36  3:49  Queen x2  
  40  3:58  Drone x8  
  46  4:25  Queen  
  46  4:30  Pneumatized Carapace  
  48  4:46  Hatchery  
  47  5:02  Roach  
  47  5:03  Roach  
  51  5:11  Overlord x4  
  51  5:17  Lair  
  47  6:27  Hydralisk Den  
  46  6:36  Queen x2  
  46  6:38  Overlord x2  
  47  6:59  Roach Warren, Hydralisk x8  
  62  7:24  Spine Crawler  
  61  7:38  Extractor x2  
  61  7:39  Drone x15  
  61  7:40  Drone x12  
  86  7:55  Overseer  
  86  7:58  Overseer  
  86  8:26  Roach  
  88  8:29  Overlord  
  88  8:30  Overlord x9  
  86  8:52  Evolution Chamber  
  86  8:54  Evolution Chamber  
  84  9:00  Extractor  
  84  9:01  Extractor  
  82  9:14  Hydralisk  
  82  9:15  Hydralisk x5  
  94  9:26  Hydralisk  
  96  9:46  Zergling x2  
  96  9:47  Zergling x34  
  114  10:01  Baneling Nest  
  114  10:04  Zerg Melee Weapons Level 1  
  114  10:05  Zerg Missile Weapons Level 1  
  113  10:32  Zergling x2  
  113  10:33  Zergling x20  
  124  10:47  Centrifical Hooks  
  124  10:48  Nydus Network  
  123  10:56  Baneling  
  123  10:57  Baneling x5  
  123  10:58  Baneling  
  123  11:11  Extractor  
  122  11:25  Baneling x3  
  122  11:26  Baneling x10  
  122  11:28  Baneling  
  122  11:30  Baneling  
  91  12:25  Zerg Missile Weapons Level 2  
  91  12:35  Infestation Pit  
  90  12:41  Hydralisk  
  90  12:42  Hydralisk x8  
  90  12:43  Hydralisk x5  
  118  12:58  Zerg Ground Armor Level 1  
  118  13:03  Muscular Augments  
  118  13:14  Infestor  
  120  13:24  Hydralisk  
  122  13:29  Infestor  
  124  13:45  Hydralisk x4  
  132  14:05  Overseer x3  
  132  14:06  Overseer  
  119  14:47  Nydus Canal  
  117  15:02  Nydus Canal  
  59  15:47  Hydralisk  
  59  15:48  Hydralisk x18  
  59  15:49  Hydralisk  
  99  16:13  Spire  
  94  16:24  Hatchery  
Show
View Real Time Build Order
Export as new Build Order

MajorPayne Protoss - Winner!

Build Orders:  

Get SALT Encoding   

  12  0:04  Probe (Chrono Boost)  
  14  0:14  Probe (Chrono Boost)  
  14  0:34  Probe (Chrono Boost)  
  15  0:35  Pylon  
  15  0:55  Probe (Chrono Boost)  
  16  1:06  Probe (Chrono Boost)  
  16  1:07  Forge  
  17  1:15  Nexus  
  17  1:19  Probe (Chrono Boost)  
  18  1:27  Pylon  
  18  1:30  Probe (Chrono Boost)  
  19  1:36  Assimilator  
  19  1:48  Photon Cannon  
  19  1:56  Probe (Chrono Boost)  
  20  2:03  Gateway  
  20  2:13  Photon Cannon  
  20  2:14  Probe (Chrono Boost)  
  21  2:25  Probe (Chrono Boost)  
  22  2:36  Probe x2 (Chrono Boost)  
  24  2:50  Probe (Chrono Boost)  
  24  2:51  Probe (Chrono Boost)  
  26  2:59  Cybernetics Core  
  26  3:01  Probe (Chrono Boost)  
  26  3:02  Assimilator  
  26  3:04  Probe (Chrono Boost)  
  30  3:07  Pylon  
  30  3:17  Assimilator  
  30  3:19  Probe (Chrono Boost)  
  29  3:20  Assimilator  
  29  3:26  Probe (Chrono Boost)  
  30  3:29  Probe (Chrono Boost)  
  31  3:35  Nexus  
  31  3:38  Mothership Core (Chrono Boost)  
  33  3:52  Stargate  
  33  3:56  Photon Cannon  
  33  3:59  Photon Cannon  
  35  4:18  Pylon  
  35  4:24  Probe (Chrono Boost)  
  34  4:26  Pylon  
  34  4:30  Probe (Chrono Boost)  
  35  4:37  Void Ray (Chrono Boost)  
  39  4:38  Stargate  
  39  4:40  Probe (Chrono Boost)  
  39  4:42  Probe (Chrono Boost)  
  41  4:55  Stargate  
  41  4:57  Pylon  
  41  4:58  Probe  
  42  5:06  Robotics Facility  
  42  5:11  Probe  
  43  5:16  Probe  
  43  5:18  Pylon  
  44  5:25  Phoenix (Chrono Boost)  
  49  5:32  Oracle (Chrono Boost)  
  53  5:44  Probe  
  53  5:49  Void Ray (Chrono Boost)  
  54  5:51  Phoenix (Chrono Boost)  
  56  5:57  Probe x2  
  56  6:02  Photon Cannon  
  58  6:05  Photon Cannon  
  58  6:15  Void Ray (Chrono Boost)  
  62  6:26  Probe  
  62  6:30  Probe  
  62  6:32  Probe  
  64  6:34  Stargate  
  64  6:39  Probe  
  66  6:40  Probe  
  66  6:43  Probe  
  68  6:53  Void Ray (Chrono Boost)  
  76  6:57  Probe x2  
  76  6:59  Void Ray (Chrono Boost), Probe  
  76  7:01  Assimilator  
  80  7:27  Observer  
  80  7:28  Void Ray (Chrono Boost)  
  81  7:32  Robotics Bay  
  81  7:34  Pylon, Probe x3  
  84  7:44  Assimilator, Probe  
  84  7:46  Probe  
  86  7:55  Warp Gate (Chrono Boost), Probe  
  86  7:56  Void Ray (Chrono Boost)  
  87  7:59  Stargate, Probe  
  87  8:02  Oracle (Chrono Boost)  
  87  8:04  Probe  
  96  8:15  Probe  
  96  8:19  Colossus  
  97  8:25  Probe  
  104  8:28  Extended Thermal Lance  
  104  8:31  Gateway  
  104  8:34  Gateway  
  104  8:36  Probe x3  
  104  8:37  Gateway  
  104  8:38  Gateway  
  107  8:49  Probe  
  108  8:58  Pylon  
  108  8:59  Pylon  
  108  9:04  Twilight Council  
  108  9:11  Probe  
  109  9:29  Colossus  
  115  9:50  Void Ray  
  115  9:56  Void Ray  
  123  10:01  Pylon, Charge (Chrono Boost)  
  123  10:10  Sentry  
  125  10:14  Pylon  
  125  10:19  Void Ray x2  
  133  10:32  Void Ray, Probe  
  138  10:36  Pylon  
  138  10:38  Pylon  
  138  10:42  Probe  
  139  10:49  Photon Cannon  
  139  10:52  Pylon  
  139  10:53  Protoss Ground Weapons Level 1  
  139  11:04  Probe x2  
  140  11:05  Dark Shrine  
  141  11:16  Void Ray x3  
  153  11:34  Photon Cannon  
  153  11:36  Photon Cannon  
  153  11:38  Templar Archives  
  153  11:44  Gateway  
  153  11:47  Gateway  
  153  11:52  Gateway  
  148  12:24  Psionic Storm  
  148  12:31  High Templar x3  
  148  12:34  Dark Templar x2  
  158  13:06  Nexus  
  158  13:10  Pylon  
  158  13:13  Pylon  
  158  13:15  Assimilator  
  158  13:17  High Templar  
  158  13:19  Dark Templar x2, Assimilator  
  164  13:57  Void Ray x3  
  176  14:31  Colossus  
  182  14:56  Void Ray x2  
  190  15:02  Archon x2  
  157  15:35  Void Ray x2  
  165  16:00  Zealot x3  
  165  16:02  Dark Templar  
Tags
 
League
Platinum
Matchup
PvZ
Replay Pack
Pack 1
Spawn Locations
Cross Positions
Add a new tag
Caveats
  • Supply blocks, unpowered buildings, or Contaminate may cause inaccurate times.
  • Supply counts are checked every 10 seconds.